 Dungeon Crawl Stone Soup version 0.28.0-53-g5a82cb258f (webtiles) character file.

Game seed: 14232377591331697189

62549 LustLizard the Fighter (level 15, -23/120 HPs)
             Began as a Human Ice Elementalist on Aug 4, 2022.
             Was a High Priest of Sif Muna.
             Annihilated by an ettin
             ... wielding a +0 antimagic dire flail
              (30 damage)
             ... on level 2 of the Orcish Mines on Aug 5, 2022.
             The game lasted 01:49:22 (32506 turns).

LustLizard the Fighter (Human Ice Elementalist)    Turns: 32506, Time: 01:49:24

Health: -23/120    AC: 14    Str:  7    XL:     15   Next: 46%
Magic:  0/27       EV: 14    Int: 30    God:    Sif Muna [*****.]
Gold:   1529       SH:  5    Dex: 13    Spells: 7/30 levels left

rFire   + + +      SeeInvis +   Q - +3 Elemental Staff {rElec rF++ rC++ AC+5}
rCold   + + +      Faith    .   g - orb {light}
rNeg    . . .      Spirit   .   N - +1 robe of the Harvest {+Blink Will++ Str+2 SInv}
rPois   .          Reflect  +   j - +0 helmet
rElec   +          Harm     .   d - +2 cloak
rCorr   +          Rampage  .   i - +0 pair of gloves
Will    +++..                   I - +0 pair of boots "Raut" {rF++ Slay+2}
Stlth   +.........              O - amulet "Cipetiut" {Reflect rC+ rCorr Str-5 Int+2 SH+5}
HPRegen 0.30/turn               q - +6 ring of intelligence
MPRegen 0.20/turn               C - ring of wizardry

@: freezing walls, glowing
A: no striking features
a: Renounce Religion, Evoke Blink, Channel Magic, Forget Spell, Divine Exegesis


You were on level 2 of the Orcish Mines.
You worshipped Sif Muna.
Sif Muna was extremely pleased with you.
You visited 4 branches of the dungeon, and saw 21 of its levels.
You also visited: Ossuary, Bailey and Ice Cave.

You collected 1567 gold pieces.
You spent 38 gold pieces at shops.

Inventory:

Hand Weapons
 Q - the +3 Elemental Staff (weapon) {rElec rF++ rC++ AC+5}
   (You acquired it in a bailey)

   If the wielder is skilled in Evocations, they can discharge powerful blasts
   of elemental energy when striking with it.
   It enhances your fire, ice, earth and air magic.
   AC:        It affects your AC (+5).
   rF:        It greatly protects you from fire.
   rC:        It greatly protects you from cold.
   rElec:     It insulates you from electricity.
 T - the +6 great mace of Ru's Displeasure {vorpal, rPois rF+}
   (You took it off an orc in a bailey)

   It inflicts extra damage upon your enemies.
   rF:        It protects you from fire.
   rPois:     It protects you from poison.
Missiles
 b - 2 atropa-tipped darts
 p - 4 curare-tipped darts
 s - 43 poisoned darts (quivered)
Armour
 d - a +2 cloak (worn)
 g - an orb of light (worn)
 i - a +0 pair of gloves (worn)
 j - a +0 helmet (worn)
 I - the +0 pair of boots "Raut" (worn) {rF++ Slay+2}
   (You acquired it in an ossuary)

   Slay:      It affects your accuracy & damage with ranged weapons and melee
   (+2).
   rF:        It greatly protects you from fire.
 N - the +1 robe of the Harvest (worn) {+Blink Will++ Str+2 SInv}
   (You found it on level 8 of the Dungeon)

   Str:       It affects your strength (+2).
   SInv:      It lets you see invisible.
   +Blink:    It lets you blink.
   Will:      It greatly increases your willpower.
Jewellery
 a - a ring of see invisible
 q - a +6 ring of intelligence (left hand)
 v - a +4 ring of evasion
 C - a ring of wizardry (right hand)
 O - the amulet "Cipetiut" (around neck) {Reflect rC+ rCorr Str-5 Int+2 SH+5}
   (You acquired it in a bailey)

   [amulet of reflection]

   It reflects blocked missile attacks.
   Str:       It affects your strength (-5).
   Int:       It affects your intelligence (+2).
   rC:        It protects you from cold.
   rCorr:     It protects you from acid and corrosion.
   SH:        It affects your SH (+5).
Wands
 e - a wand of digging (8)
 k - a wand of iceblast (6)
 t - a wand of polymorph (6)
 x - a wand of flame (28)
 B - a wand of charming (4)
 M - a wand of mindburst (14)
Scrolls
 m - 5 scrolls of teleportation
 n - 2 scrolls of blinking
 o - 3 scrolls of amnesia
 y - a scroll of summoning
 A - 3 scrolls of enchant weapon
 D - 3 scrolls of enchant armour
 F - a scroll of holy word
 G - 3 scrolls of fog
 K - a scroll of identify
 L - 2 scrolls of magic mapping
 P - a scroll of torment
 S - a scroll of brand weapon
Potions
 c - 4 potions of brilliance
 f - a potion of invisibility
 h - 6 potions of heal wounds
 l - 3 potions of ambrosia
 r - 2 potions of might
 u - 3 potions of mutation
 w - a potion of magic
 z - 5 potions of curing
 E - 3 potions of haste
 H - 4 potions of flight
 J - a potion of cancellation
Miscellaneous
 U - a lightning rod (4/4)


   Skills:
 + Level 11.9 Fighting
 - Level 4.2(7.1) Maces & Flails
 - Level 8.9(9.3) Staves
 - Level 6.0 Dodging
 - Level 4.0 Stealth
 + Level 8.3 Spellcasting
 * Level 6.1 Conjurations
 - Level 4.2 Transmutations
 - Level 4.1 Fire Magic
 + Level 10.6 Ice Magic
 - Level 4.8 Air Magic
 - Level 4.7 Poison Magic
 + Level 8.4 Invocations
 + Level 8.3 Evocations


You had 7 spell levels left.
You knew the following spells:

 Your Spells              Type           Power      Damage    Failure   Level
a - Ozocubu's Armour      Ice            85%        N/A       1%          3
b - Frozen Ramparts       Ice            100%       1d12      1%          3
c - Mephitic Cloud        Conj/Pois/Air  60%        N/A       1%          3
d - Ignite Poison         Fire/Tmut/Pois 55%        N/A       1%          3
e - Swiftness             Air            58%        N/A       1%          3
f - Hailstorm             Conj/Ice       76%        3d16      1%          4
g - Ice Form              Ice/Tmut       72%        N/A       1%          4

Your spell library contained the following spells:

 Spells                   Type           Power      Damage    Failure   Level
 Apportation              Tloc           24%        N/A       1%          1
 Freeze                   Ice            100%       1d11      1%          1
 Pain                     Necr           48%        1d6       1%          1
 Shock                    Conj/Air       100%       1d9       1%          1
 Ensorcelled Hibernation  Hex/Ice        100%       N/A       1%          2
 Passwall                 Tmut/Erth      30%        N/A       1%          2
 Conjure Flame            Conj/Fire      60%        6-21      1%          3
 Flame Wave               Conj/Fire      60%        2d12      1%          4
 Freezing Cloud           Conj/Ice/Air   45%        6-21      2%          5
 Iskenderun's Battlesphe  Conj           49%        2d10      4%          5
 Confusing Touch          Hex            12%        N/A       5%          3
 Gell's Gravitas          Tloc           12%        N/A       5%          3
 Teleport Other           Tloc           12%        N/A       5%          3
 Alistair's Intoxication  Tmut/Pois      26%        N/A       8%          5
 Animate Dead             Necr           6%         N/A       16%         4
 Leda's Liquefaction      Hex/Erth       9%         N/A       16%         4
 Yara's Violent Unravell  Hex/Tmut       12%        3d7       19%         5
 Simulacrum               Ice/Necr       30%        N/A       28%         6
 Borgnjor's Vile Clutch   Necr/Erth      9%         N/A       41%         5
 Lee's Rapid Deconstruct  Erth           9%         3d8*      41%         5
 Death Channel            Necr           6%         N/A       92%         6
 Dispersal                Tloc           6%         N/A       92%         6
 Enfeeble                 Hex            6%         N/A       100%        7
 Haunt                    Necr/Summ      6%         N/A       100%        7
 Lehudib's Crystal Spear  Conj/Erth      23%        10d6      100%        8
 Necromutation            Tmut/Necr      12%        N/A       100%        8
 Fire Storm               Conj/Fire      30%        8d8       100%        9
 Shatter                  Erth           9%         3d11*     100%        9


Dungeon Overview and Level Annotations

Branches:
Dungeon (12/15)            Temple (1/1) D:6            Lair (6/6) D:11
 Shoals (0/4) Lair:2       Spider (0/4) Lair:4        Slime (0/5) Lair:5
    Orc (2/2) D:12        Ossuary (visited)          Bailey (visited)
  IceCv (visited)
    Elf: Orc:2

Altars:
Ashenzari
Cheibriados
Dithmenos
Elyvilon
Fedhas
Gozag
Hepliaklqana
Kikubaaqudgha
Makhleb
Nemelex Xobeh
Okawaru
Qazlal
Ru
Sif Muna
Trog
Uskayaw
Vehumet
Wu Jian
Xom
Yredelemnul
Zin
The Shining One

Shops:
D:5 :   D:9 *


Message History

You climb downwards.
Welcome back to the Orcish Mines!
There is a staircase back to the Dungeon here.
You blink.
Things that are here:
a +0 ring mail; a +2 vampiric hand axe; a +0 giant club You see here a +0 vampiric hand axe.
You feel stable enough to blink again.
Magic restored.
There is a stone staircase leading down here.
You climb downwards.
The ettin hits you with a +0 antimagic dire flail!!
You feel your power leaking away.
The ettin hits you with a +0 dire flail!
There is a stone staircase leading up, spattered with blood here.
Casting: Ignite Poison (safe; 1% risk of failure)
Confirm with . or Enter, or press ? or * to list all spells.
Casting: Frozen Ramparts (safe; 1% risk of failure)
Press: ? - help, Dir - look around, f - activate A stone staircase leading up, spattered with blood.
This square is lit by a halo.
You feel a surge of power!
The walls around you are covered in ice.
The wall freezes the ettin!
The ettin hits you with a +0 antimagic dire flail!!
You feel your power leaking away. The ettin misses you.
You hit the ettin but do no damage.
The ettin is lightly wounded.
The wall freezes the ettin.
The ettin hits you but does no damage. You block the ettin's attack.
You hit the ettin.
The ettin is moderately wounded.
You completely miss the ettin.
The ettin is moderately wounded.
The wall freezes the ettin.
The ettin hits you with a +0 antimagic dire flail!!!
* * * LOW HITPOINT WARNING * * *
You feel your power leaking away.
The ettin hits you with a +0 dire flail!!
You die...

## ##.## #...####
#.....C## .
#.....@.###....
#..............#
.....#.#.#.......##
#... ######.....##
.#. .......# #
..##..## ..## #..#
.. .... ..# ...


You could see an ettin.

Vanquished Creatures
  Erolcha (D:9)
  2 boulder beetles (D:12)
  3 hydras
  Erica (D:11)
  6 death yaks (Lair:6)
  3 two-headed ogres
  Sonja (Lair:6)
  A deep elf pyromancer (D:9)
  A necromancer (IceCv)
  An orc knight (Bailey)
  An ugly thing (D:11)
  An orc sorcerer (Bailey)
  A cyclops (D:12)
  A manticore (D:12)
  14 elephants
  An ice statue (IceCv)
  3 black mambas
  A gargoyle (D:9)
  A torpor snail (Lair:4)
  2 kobold demonologists
  16 cane toads
  5 komodo dragons
  11 ice devils (IceCv)
  2 entropy weaver simulacra (IceCv)
  2 anaconda simulacra (IceCv)
  4 freezing wraiths (IceCv)
  A burning bush (Lair:3)
  7 polar bears
  2 merfolk (Lair:2)
  A slime creature (Lair:5)
  7 hornets (Lair:6)
  5 trolls
  13 blink frogs
  14 spriggans (Lair:6)
  3 culicivoras (Lair:4)
  3 jumping spiders (Lair:4)
  2 dire elephant simulacra (IceCv)
  A wraith (D:10)
  54 yaks
  A wyvern (Lair:1)
  Grum (D:9)
  A basilisk (Lair:6)
  4 vampire mosquitoes (D:10)
  A redback (Lair:4)
  A steam dragon (D:7)
  3 death yak simulacra (IceCv)
  3 acid dragons
  The ghost of Gurantaxtaxq the Digger, an amateur GrEE (D:3)
  8 water moccasins
  A hornet zombie (Ossuary)
  11 orc warriors
  A sky beast (D:6)
  An ice beast (D:5)
  7 black bears
  25 wolves
  4 boggarts (Lair:6)
  2 ogres (Orc:1)
  The ghost of Cheops the Slasher, an amateur DsFi (D:4)
  14 centaurs
  6 kobold brigands
  A phantom (D:4)
  10 bullfrogs
  A two-headed ogre simulacrum (IceCv)
  2 scorpions
  5 cane toad simulacra (IceCv)
  2 water moccasin zombies (Ossuary)
  4 elephant simulacra (IceCv)
  8 killer bees (D:9)
  6 howler monkeys
  7 wights
  6 electric eels
  6 bullfrog zombies (Ossuary)
  3 centaur zombies
  5 jellies
  5 orc priests
  2 hounds
  A bullfrog skeleton (D:6)
  2 centaur skeletons
  4 iguanas
  11 orc wizards
  A spriggan simulacrum (IceCv)
  6 hell rats (Lair:4)
  5 polar bear simulacra (IceCv)
  2 troll simulacra (IceCv)
  3 wolf simulacra (IceCv)
  A killer bee zombie (Ossuary)
  13 mummies (Ossuary)
  4 howler monkey zombies
  7 adders
  10 gnolls
  A naga simulacrum (IceCv)
  A river rat (D:4)
  A shadow imp (D:3)
  A white imp (D:7)
  An ufetubus (IceCv)
  4 worms
  50 orcs
  9 ball pythons
  8 endoplasms
  6 giant cockroaches
  15 goblins
  17 hobgoblins
  8 jackals (D:1)
  19 kobolds
  3 quokkas
  7 bats
  4 frilled lizards
  6 rats
600 creatures vanquished.

Vanquished Creatures (collateral kills)
  An entropy weaver simulacrum (IceCv)
1 creature vanquished.

Vanquished Creatures (others)
  102 fungi
  74 plants
  9 withered plants (Ossuary)
185 creatures vanquished.

Grand Total: 786 creatures vanquished

Notes
Turn   | Place    | Note
-------+----------+-------------------------------------------
     0 | D:1      | LustLizard the Human Ice Elementalist began the quest for
                  | the Orb.
     0 | D:1      | Reached XP level 1. HP: 13/13 MP: 3/3
   266 | D:1      | Reached XP level 2. HP: 20/20 MP: 0/5
   469 | D:1      | Reached XP level 3. HP: 25/25 MP: 4/6
  1002 | D:1      | Learned a level 3 spell: Frozen Ramparts
  1070 | D:1      | Reached skill level 1 in Fighting
  1184 | D:1      | Reached XP level 4. HP: 21/32 MP: 3/7
  1817 | D:1      | Found a faded altar of an unknown god.
  2775 | D:2      | Learned a level 3 spell: Mephitic Cloud
  3325 | D:3      | Found a shadowy altar of Dithmenos.
  3349 | D:3      | Found a runed translucent door.
  3350 | D:3      | Noticed Gurantaxtaxq's ghost (amateur GrEE)
  3391 | D:3      | Found an iron altar of Okawaru.
  3404 | D:3      | Found an opulent altar of Gozag.
  3452 | D:3      | Reached XP level 5. HP: 34/37 MP: 8/8
  4022 | D:3      | Reached skill level 1 in Conjurations
  4459 | D:4      | Reached skill level 1 in Air Magic
  4459 | D:4      | Reached skill level 1 in Poison Magic
  4459 | D:4      | Reached XP level 6. HP: 21/43 MP: 1/9
  4613 | D:4      | Found a runed translucent door.
  4615 | D:4      | Noticed Cheops's ghost (amateur DsFi)
  4920 | D:4      | Found a runed translucent door.
  5017 | D:4      | Found a sparkling altar of Nemelex Xobeh.
  5489 | D:4      | Reached skill level 5 in Ice Magic
  5491 | D:4      | Killed Cheops's ghost
  5492 | D:4      | Reached XP level 7. HP: 37/49 MP: 7/11
  5579 | D:5      | Entered Level 5 of the Dungeon
  5650 | D:3      | Killed Gurantaxtaxq's ghost
  5821 | D:3      | Learned a level 3 spell: Ignite Poison
  5909 | D:5      | Found Douridwa's Book Emporium.
  6131 | D:5      | Reached skill level 1 in Transmutations
  6131 | D:5      | Reached skill level 1 in Fire Magic
  6495 | D:5      | Reached XP level 8. HP: 48/56 MP: 9/12
  6582 | D:5      | Identified the +10 mace of War {venom, *Noise rF++ Str+5}
  6605 | D:5      | Found a radiant altar of Vehumet.
  6770 | D:5      | Found a burning altar of Makhleb.
  6940 | D:6      | Found a white marble altar of Elyvilon.
  6952 | D:6      | Reached skill level 1 in Maces & Flails
  7359 | D:6      | Noticed a yak
  7359 | D:6      | Noticed a yak
  7383 | D:6      | Noticed a yak
  7387 | D:6      | Noticed a yak
  7412 | D:5      | Killed a yak
  7753 | D:6      | Found a staircase to the Ecumenical Temple.
  7778 | Temple   | Entered the Ecumenical Temple
  7835 | Temple   | Became a worshipper of Sif Muna the Loreminder
  7931 | D:6      | Found an ornate altar of the Wu Jian Council.
  7939 | D:6      | Identified the +5 tower shield of Caexoud {Dex+2}
  8314 | D:6      | Killed a yak
  8315 | D:6      | Reached XP level 9. HP: 61/61 MP: 7/13
  8563 | D:7      | Found a sand-covered staircase.
  8611 | Ossuary  | Entered an ossuary
  8855 | Ossuary  | Reached skill level 1 in Invocations
  8863 | Ossuary  | Reached skill level 1 in Evocations
  9151 | Ossuary  | Reached * piety under Sif Muna
  9535 | Ossuary  | Identified a scroll of acquirement
  9536 | Ossuary  | Acquired the +0 pair of boots "Raut" {rF++ Slay+2}
  9918 | D:7      | Reached XP level 10. HP: 60/67 MP: 6/14
 10476 | D:7      | Learned a level 3 spell: Swiftness
 10907 | D:8      | Identified the +1 robe of the Harvest {+Blink Will++ Str+2
                  | SInv}
 10993 | D:8      | Found a flagged portal.
 11087 | Bailey   | Entered a bailey
 11159 | Bailey   | Reached skill level 2 in Fighting
 11543 | Bailey   | Noticed an orc sorcerer
 11557 | Bailey   | Identified the +6 great mace of Ru's Displeasure {vorpal,
                  | rPois rF+}
 11568 | Bailey   | Acquired a staff of poison
 11571 | Bailey   | Acquired the +3 Elemental Staff {rElec rF++ rC++ AC+5}
 11571 | Bailey   | Found the +3 Elemental Staff {rElec rF++ rC++ AC+5}
 11574 | Bailey   | Acquired the amulet "Cipetiut" {Reflect rC+ rCorr Str-5
                  | Int+2 SH+5}
 11600 | Bailey   | Noticed a kobold demonologist
 11608 | Bailey   | Killed a kobold demonologist
 11709 | Bailey   | Reached ** piety under Sif Muna
 11747 | Bailey   | Noticed an orc knight
 11756 | Bailey   | Killed an orc knight
 11757 | Bailey   | Reached skill level 1 in Staves
 11873 | Bailey   | Reached skill level 3 in Fighting
 11921 | Bailey   | Killed an orc sorcerer
 11978 | Bailey   | Found an iron altar of Okawaru.
 12520 | D:8      | Reached skill level 5 in Invocations
 12908 | D:8      | Reached XP level 11. HP: 75/75 MP: 10/17
 13368 | D:8      | Learned a level 4 spell: Hailstorm
 13436 | D:9      | Noticed a two-headed ogre
 13442 | D:9      | Noticed Grum
 13884 | D:9      | Reached skill level 5 in Evocations
 13884 | D:9      | Killed Grum
 14075 | D:9      | Reached *** piety under Sif Muna
 14137 | D:9      | Noticed a two-headed ogre
 14147 | D:9      | Killed a two-headed ogre
 14148 | D:9      | Reached skill level 4 in Fighting
 14430 | D:9      | Killed a two-headed ogre
 14448 | D:9      | Noticed a deep elf pyromancer
 14457 | D:9      | Killed a deep elf pyromancer
 14517 | D:9      | Noticed Erolcha
 14525 | D:9      | Killed Erolcha
 14572 | D:9      | Reached skill level 5 in Spellcasting
 15158 | D:9      | Found a broken altar of Ashenzari.
 15256 | D:9      | Found Weashraown's Assorted Antiques.
 15262 | D:9      | Bought a cyan potion for 19 gold pieces
 15262 | D:9      | Bought a fizzy coppery potion for 19 gold pieces
 15333 | D:10     | Entered Level 10 of the Dungeon
 15726 | D:10     | Noticed a soul eater
 16056 | D:10     | Learned a level 3 spell: Ozocubu's Armour
 16178 | D:10     | Reached skill level 5 in Fighting
 16179 | D:10     | Reached XP level 12. HP: 86/86 MP: 16/19
 16769 | D:11     | Noticed Erica
 16787 | D:11     | Killed Erica
 16933 | D:11     | Reached **** piety under Sif Muna
 17209 | D:11     | Found a staircase to the Lair.
 17244 | D:11     | Reached skill level 5 in Staves
 17423 | D:11     | You fall into a shaft and drop 1 floor!
 17485 | D:12     | Identified the +7 spear of Zin's Approval {protect, *Slow
                  | rPois rF+ rN+++}
 17612 | D:12     | Reached skill level 6 in Fighting
 17654 | D:12     | Found a frozen archway.
 17678 | D:12     | Noticed a boulder beetle
 17680 | IceCv    | Entered an ice cave
 18992 | IceCv    | Identified the +4 robe of Lifelessness {Harm Rampage Will+
                  | rCorr}
 19007 | IceCv    | Found an ancient bone altar of Kikubaaqudgha.
 19350 | IceCv    | Reached skill level 7 in Fighting
 19643 | IceCv    | Reached XP level 13. HP: 81/96 MP: 14/23
 20575 | IceCv    | Learned a level 4 spell: Ice Form
 21142 | D:12     | Killed a boulder beetle
 21143 | D:12     | Reached skill level 8 in Fighting
 21364 | D:12     | Noticed a boulder beetle
 22073 | D:12     | Found a staircase to the Orcish Mines.
 22479 | D:12     | Found an iron altar of Okawaru.
 22580 | D:12     | Killed a boulder beetle
 22761 | Orc:1    | Entered Level 1 of the Orcish Mines
 22772 | Orc:1    | Reached ***** piety under Sif Muna
 22778 | Orc:1    | Received a gift from Sif Muna
 22788 | Orc:1    | Got Sif Muna's Papyrus of Damaging Transmutation {god gift}
 22791 | Orc:1    | Found Apabrual's Armour Emporium.
 23052 | Orc:2    | Entered Level 2 of the Orcish Mines
 23077 | Orc:2    | Noticed an ettin
 23215 | Lair:1   | Entered Level 1 of the Lair of Beasts
 23273 | Lair:1   | Identified the +5 morningstar of Wu Jian's Vengeance
                  | {freeze, rF+}
 25070 | Lair:2   | Found a staircase to the Shoals.
 25166 | Lair:2   | Noticed a five-headed hydra
 25196 | Lair:2   | Killed a five-headed hydra
 25209 | Lair:2   | Reached skill level 9 in Fighting
 25650 | Lair:2   | Reached skill level 5 in Dodging
 26097 | Lair:3   | Reached XP level 14. HP: 108/108 MP: 25/25
 26900 | Lair:4   | Found a hole to the Spider Nest.
 28779 | Lair:5   | Reached skill level 10 in Fighting
 28903 | Lair:5   | Found a staircase to the Slime Pits.
 29558 | Lair:6   | Entered Level 6 of the Lair of Beasts
 30358 | Lair:6   | Reached skill level 11 in Fighting
 30380 | Lair:6   | Paralysed by a hornet for 3 turns
 30381 | Lair:6   | Noticed Sonja
 30416 | Lair:6   | Killed Sonja
 30424 | Lair:6   | Received a gift from Sif Muna
 30488 | Lair:6   | Reached XP level 15. HP: 58/119 MP: 2/27
 30490 | Lair:6   | Reached skill level 10 in Ice Magic
 30700 | Lair:6   | Got Sif Muna's Almanac of Unholy Clay {god gift}
 30974 | Lair:6   | Identified the +4 ring mail of Somewhere Else {Harm
                  | *Corrode rN+ Will++}
 31081 | Lair:6   | Reached skill level 5 in Conjurations
 32506 | Orc:2    | Annihilated by an ettin

Illustrated notes

Levels and vault maps discovered:
D:1:      minmay_arrival_split_and_join, layout_basic,
          shapermc_ecumenical_altar_mp_vishouse
D:2:      layout_basic
D:3:      layout_basic, old_standard_altar, mainiacjoe_overflow_catwalk_spiral,
          serial_forest, infiniplex_forest_end_2, infiniplex_forest_clump_tiny,
          infiniplex_forest_lined_ring, infiniplex_forest_lined_room_2,
          infiniplex_forest_corner_2, infiniplex_forest_lined_2,
          infiniplex_forest_lined_3, infiniplex_forest_clump_medium,
          ebering_ghost_inner_flame
D:4:      layout_gridville, nemelex_dance_club_becter, serial_rivers,
          chequers_serial_rivers_small_a, chequers_serial_rivers_room_b,
          chequers_serial_rivers_micro_a, chequers_serial_rivers_marsh,
          chequers_serial_rivers_small_3, ebering_ghost_sewer_f,
          nicolae_concentric_dashed_squares_mild, amethyst_killhole
D:5:      layout_basic, vehumet_altar_wand_db, lightli_temple_of_fire,
          serial_shops, shop, minmay_misc_feat_tower
D:6:      layout_rooms, nicolae_wu_jian_wuxing_cycle,
          mainiacjoe_overflow_tiny_flanked, minmay_temple_entry_arrows,
          serial_rivers, chequers_serial_rivers_micro_c,
          chequers_serial_rivers_small_a, chequers_serial_rivers_marsh,
          chequers_serial_rivers_micro_b, chequers_serial_rivers_micro_b,
          serial_bayou_pond_e, minivault_27
D:7:      layout_loops_corners, nicolae_ossuary_entry_ruins,
          kennysheep_cluttered_room, amcnicky_mini_corridor_feature
D:8:      layout_loops_cross, enter_bailey_3, kennysheep_decorative_pillar,
          minivault_23
D:9:      layout_irregular_city, ashenzari_conservatory_becter,
          serial_column_ruins, column_ruins_circle_small, column_ruins_hut,
          column_ruins_columns_corner, column_ruins_grid_2, column_ruins_grid_1,
          column_ruins_open_tiny, column_ruins_open_small, serial_shops, shop,
          uniq_grum, uniq_erolcha
D:10:     layout_long_grid
D:11:     layout_irregular_city, due_lair_maze_entry_diamond, uniq_erica
D:12:     layout_long_grid, orc_0_dummy, portal_ice_cave_entry_pillars_1,
          kennysheep_okawaru_gauntlet
Temple:   cyrus_circular_temple
Lair:1:   layout_layer_cave, minivault_27
Lair:2:   layout_roguey, elwin_shoals_entry_rooms,
          nicolae_quartered_pool_medium, guppyfry_lair_drakes
Lair:3:   layout_gridlike, evilmike_ambush [evilmike_ambush_outer_basic,
          evilmike_ambush_inner_basic]
Lair:4:   layout_layer_cave, nicolae_spider_entry_tight_spaces
Lair:5:   layout_small_grid, minmay_slime_entry_pillars
Lair:6:   minmay_lair_end_enchanted_forest, layout_loops_ring,
          grunt_megastairs_3, uniq_sonja
Orc:1:    layout_caves, serial_shops, nicolae_shop_crystal
Orc:2:    st_orc_rangers, layout_diamond_mine, serial_shops, shop_coins,
          nicolae_diamond_shop, shop, nicolae_shop_bloodbath_and_beyond, shop,
          uniq_snorg

Skill      XL: |  1  2  3  4  5  6  7  8  9 10 11 12 13 14 15 |
---------------+----------------------------------------------+-----
Fighting       | 1 3 5 7 9 11 | 11.9
Stealth        | 3 4 |  4.0
Conjurations   | 1 2 4 6 |  6.1
Air Magic      | 1 2 3 4 |  4.8
Poison Magic   | 1 2 3 4 |  4.7
Ice Magic      | 5 7 9 10 | 10.6
Transmutations | 1 3 4 |  4.2
Fire Magic     | 1 3 4 |  4.1
Maces & Flails | 2 3 4 |  4.2
Invocations    | 2 5 7 8 |  8.4
Evocations     | 1 4 7 8 |  8.3
Spellcasting   | 4 5 7 8 |  8.3
Staves         | 2 4 6 8 |  8.9
Dodging        | 5 6 |  6.0

Action                   |  1- 3 |  4- 6 |  7- 9 | 10-12 | 13-15 || total
-------------------------+-------+-------+-------+-------+-------++-------
Melee: Unarmed           |    30 |     3 |       |       |       ||    33
       Dagger            |       |    33 |    26 |       |       ||    59
       War axe           |       |     3 |       |       |       ||     3
       Mace              |       |       |   122 |    15 |       ||   137
       Staff             |       |       |       |   295 |   596 ||   891
Throw: Stone             |     3 |     8 |    16 |       |       ||    27
       Dart              |     1 |       |       |       |     9 ||    10
 Cast: Freeze            |    44 |    69 |   104 |     4 |       ||   221
       Frozen Ramparts   |       |     5 |     7 |    28 |    49 ||    89
       Mephitic Cloud    |       |       |     2 |    66 |    71 ||   139
       Ignite Poison     |       |       |     1 |    59 |    52 ||   112
       Hailstorm         |       |       |       |     5 |    28 ||    33
       Swiftness         |       |       |       |     2 |     5 ||     7
       Ozocubu's Armour  |       |       |       |       |     6 ||     6
 Abil: Evoke Blink       |       |       |       |     1 |     5 ||     6
Evoke: Wand              |       |       |       |    25 |     6 ||    31
  Use: Scroll            |       |       |    13 |    12 |    16 ||    41
       Potion            |       |       |       |       |     7 ||     7
 Stab: Sleeping          |     2 |     3 |       |       |       ||     5
       Distracted        |       |       |     1 |       |       ||     1
       Confused          |       |       |       |     4 |    15 ||    19
       Fleeing           |       |       |       |       |     1 ||     1
Armor: Robe              |    14 |    18 |    41 |    78 |   209 ||   360
       Steam dragon scal |       |       |       |     5 |       ||     5
Dodge: Dodged            |    48 |    47 |   111 |   160 |   277 ||   643
Block: Orb               |       |       |       |    58 |   106 ||   164
       Reflection        |       |       |       |    17 |     2 ||    19
